 Dungeon Crawl Stone Soup version 0.30.2 (webtiles) character file.

Game seed: 7650963711771863144

146156 dziebel133 the Spry (level 18, -2/139 HPs)
             Began as a Djinni Fire Elementalist on Sept 27, 2023.
             Was a Priest of Ashenzari.
             Shot with an arrow by Nessos (16 damage)
             ... on level 14 of the Dungeon on Mar 2, 2024.
             The game lasted 02:00:11 (25116 turns).

dziebel133 the Spry (Djinni Fire Elementalist)     Turns: 25116, Time: 02:00:12

Health: -2/139     AC:  7    Str: 11    XL:     18   Next: 6%
Gold:   1109       EV: 25    Int: 24    God:    Ashenzari [***...] SH:  0 Dex: 15

rFire   + + +        g - staff of fire "Eternal Together" (curse) {rF+, Self, Fort} (curse)
rCold   x . .        (no shield)
rNeg    . . .        D - +0 robe "Sidereal Augurer" {Will+ Slay+5 Stlth-, Range, Self} (curse)
rPois   ∞            h - +0 helmet "Soothsayer of Ashenzari" {Self, Melee} (curse)
rElec   .            O - +2 cloak
rCorr   .            z - +0 pair of gloves of Ashenzari's Moon {Evo, Fort} (curse)
SInv    +            (boots unavailable)
Will    ++...        (no amulet)
Stlth   +            I - ring of see invisible
HPRegen 0.43/turn    M - ring of Tiemigh {Fly EV+5 Str+4}
MPRegen 0.00/turn

%: clarity, infuse magic (-3 HP)
@: forested, flying
A: sickness immunity, fire resistance 2, cold vulnerability 1, float, innate
caster, HP casting, extra vitality 1
a: Renounce Religion, Curse Item, Shatter the Chains


You were on level 14 of the Dungeon.
You worshipped Ashenzari.
Ashenzari was most pleased with you.
You visited 3 branches of the dungeon, and saw 19 of its levels.
You also visited: Sewer.

You collected 1109 gold pieces.

Inventory:

Armour
 h - the cursed +0 helmet "Soothsayer of Ashenzari" (worn) {Self, Melee}
   (You found it on level 2 of the Dungeon)

   It has a curse which improves the following skills: Introspection: Fighting
   and Spellcasting.
   Melee Combat: Short Blades, Long Blades, Axes, Maces & Flails, Polearms,
   Staves and Unarmed Combat.
 z - the cursed +0 pair of gloves of Ashenzari's Moon (worn) {Evo, Fort}
   (You found it on level 4 of the Lair of Beasts)

   It has a curse which improves the following skills: Evocations: Evocations.
   Fortitude: Armour and Shields.
 D - the cursed +0 robe "Sidereal Augurer" (worn) {Will+ Slay+5 Stlth-, Range, Self}
   (You found it on level 8 of the Dungeon)

   Slay:      It affects your accuracy & damage with ranged weapons and melee
   (+5).
   Will:      It increases your willpower.
   Stlth:     It makes you less stealthy.
   It has a curse which improves the following skills: Ranged Combat: Ranged
   Weapons and Throwing.
   Introspection: Fighting and Spellcasting.
 O - a +2 cloak (worn)
Magical Staves
 g - the cursed staff of fire "Eternal Together" (weapon) {rF+, Self, Fort}
   (You found it on level 1 of the Dungeon)

   [staff of fire]

   Your inability to study Fire Magic prevents you from drawing on the full
   power of this staff in melee.
   Base accuracy: +5 Base damage: 5 Base attack delay: 1.2 This weapon's minimum
   attack delay (0.6) is reached at skill level 12.
   rF:        It protects you from fire.
   It falls into the 'Staves' category.
   It is a one-handed weapon.
   It has a curse which improves the following skills: Introspection: Fighting
   and Spellcasting.
   Fortitude: Armour and Shields.
Jewellery
 I - a ring of see invisible (left hand)
 M - the ring of Tiemigh (right hand) {Fly EV+5 Str+4}
   (You acquired it on level 5 of the Lair of Beasts)

   [ring of evasion]

   EV:        It affects your evasion (+5).
   Str:       It affects your strength (+4).
   Fly:       It grants you flight.
 N - a ring of protection from fire
Wands
 v - a wand of iceblast (17)
 w - a wand of quicksilver (12)
 y - a wand of paralysis (33)
 C - a wand of mindburst (18)
Scrolls
 b - a scroll of brand weapon
 c - 3 scrolls of enchant armour
 e - 3 scrolls of magic mapping
 i - 5 scrolls of torment
 j - 6 scrolls of vulnerability
 k - 8 scrolls of teleportation
 m - 3 scrolls of immolation
 n - 4 scrolls of fog
 q - 8 scrolls of fear
 u - 4 scrolls of enchant weapon
 x - 6 scrolls of amnesia
 E - 2 scrolls of noise
 H - 2 scrolls of silence
 K - a scroll of butterflies
Potions
 a - 2 potions of might
 d - 7 potions of heal wounds
 f - 7 potions of curing
 l - 3 potions of haste
 o - 8 potions of mutation
 p - 3 potions of magic
 r - 3 potions of flight
 s - 3 potions of ambrosia
 t - 4 potions of attraction
 A - 2 potions of cancellation
 B - a potion of resistance
 G - 2 potions of brilliance
 J - a potion of berserk rage
Miscellaneous
 F - a condenser vane
 L - a phantom mirror


   Skills:
 - Level 13.2(16.1) Fighting
 + Level 16.0 Dodging
 - Level 1.5 Stealth
 - Level 3.8(5.8) Shields
 - Level 15.3(18.2) Spellcasting
 - Level 7.5(9.1) Evocations


You knew the following spells:

 Your Spells              Type           Power      Damage    Failure   Level
a - Foxfire               Conj/Fire      100%       2x1d9     0%          1
b - Scorch                Fire           100%       2d9       0%          2
c - Volatile Blastmotes   Fire/Tloc      100%       2d18      0%          3
d - Inner Flame           Hex/Fire       100%       N/A       0%          3
e - Flame Wave            Conj/Fire      100%       2d21      0%          4
f - Beastly Appendage     Tmut           100%       N/A       0%          1
g - Searing Ray           Conj           100%       2d8       0%          2
h - Poisonous Vapours     Pois/Air       100%       N/A       0%          2
i - Summon Lightning Spi  Summ/Air       83%        N/A       0%          4
j - Leda's Liquefaction   Hex/Erth       41%        N/A       0%          4
k - Summon Forest         Summ/Tloc      41%        N/A       1%          5
l - Conjure Ball Lightni  Conj/Air       41%        3x3d13    1%          6
m - Malign Gateway        Summ/Tloc      41%        N/A       1%          7
Your spell library was empty.

Dungeon Overview and Level Annotations

Branches:
Dungeon (12/15)            Temple (1/1) D:6            Lair (5/5) D:9
 Shoals (0/4) Lair:3        Snake (0/4) Lair:2        Slime (0/5) Lair:5
    Orc (0/2) D:11          Sewer (visited)

Altars:
Ashenzari
Dithmenos
Gozag
Hepliaklqana
Makhleb
Nemelex Xobeh
Okawaru
Qazlal
Ru
Uskayaw
Wu Jian
Zin

Annotations:
D:14 Nessos, Rupert


Innate Abilities, Weirdness & Mutations

You are immune to sickness and miasma.
You are immune to poison.
Your flesh is very heat resistant. (rF++)
You are vulnerable to cold. (rC-)
You float through the air rather than walking.
You learn spells naturally, not from books.
Your magical power is your life essence.
You have superior vitality. (+4 MHP)


Message History

Your lightning spire shoots out a bolt of lightning at the human!
The bolt of electricity hits the human!
The human dies!
The bolt of electricity hits the human!
Your lightning spire's attack snaps the human out of its fear.
The bolt of electricity hits the human!
Your lightning spire's attack snaps the human out of its fear.
You're standing in a cloud of flame!
Casting: Searing Ray (safe; 0% risk of failure)
Confirm with . or Enter, or press ? or * to list all spells.
You feel a surge of power!
There's already a cloud here!
Casting: Volatile Blastmotes (safe; 0% risk of failure)
Confirm with . or Enter, or press ? or * to list all spells.
You feel a surge of power!
Flames lash Nessos but do no damage.
Your attack snaps Nessos out of their fear.
You are engulfed in blazing flames.
You resist.
Rupert is engulfed in blazing flames.
Flame seeps out of Rupert.
Nessos gestures wildly while chanting.
Nessos seems to speed up.
A human opens the door.
The orc knight gibbers meaninglessly.
A human comes into view. x2
Your lightning spire is engulfed in blazing flames.
You hear a shout!
Casting: Scorch (safe; 0% risk of failure)
Confirm with . or Enter, or press ? or * to list all spells.
You feel a surge of power!
Flames lash Rupert.
Flame seeps out of Rupert.
Rupert is heavily wounded.
Rupert's fire resistance burns away.
* * * LOW HITPOINT WARNING * * *
You are engulfed in blazing flames.
You resist.
* * * LOW HITPOINT WARNING * * *
Nessos shoots an arrow.
The arrow hits you!
* * * LOW HITPOINT WARNING * * *
The arrow burns you.
* * * LOW HITPOINT WARNING * * *
Rupert is engulfed in blazing flames.
Flame seeps out of Rupert.
Rupert hits you with a +0 great mace of protection!
* * * LOW HITPOINT WARNING * * *
Nessos shoots an arrow.
The arrow hits you!
You die...

,,******,,,,,,,,,,,,,,,,,*
,,,,,,,****##♣♣#♣pp...,,,*
,,,,,,,,,,,,...~~~~pp♣*#**
,,,,,,,,,,,,,..~~~p.?#..*
,,,,,,,,,,,,,,.~p~...'.,*
,,,,,,,,,,,,,,,.....p♣,,*
******#######+#♣☼§§..#***
,,,,,,.........♣@§☼..♣
,,,,,,.........♣@☼8..#
+###+########'#♣.♣...♣
.....................♣
.................c♣..♣
.............§.......#
................♣♣♣♣##
######'####♣♣#♣♣#,,,,*
..#.............#,,,,*
..#.............#,,,,*


You could see Rupert (berserk, inner flame, combustible), Nessos (fast, ally
target), 7 humans and a friendly lightning spire (summoned).

Vanquished Creatures
  Snorg (D:12)
  3 hydras
  2 two-headed ogres (D:9)
  A boulder beetle (D:11)
  3 catoblepae (Lair:5)
  17 death yaks
  2 manticores
  9 elephants
  Maurice (D:11)
  2 black mambas
  9 cane toads
  A gargoyle (D:11)
  2 rime drakes
  A kobold demonologist (D:12)
  9 komodo dragons
  2 polar bears (Lair:5)
  2 trolls
  2 hornets
  4 blink frogs (Lair:5)
  5 dream sheep
  55 yaks
  2 slime creatures (D:12)
  A vampire (D:11)
  4 basilisks
  2 vampire mosquitoes (D:11)
  A steam dragon (D:9)
  4 nagas (Lair:2)
  An acid dragon (D:11)
  10 water moccasins
  An ice beast (D:4)
  A sky beast (D:6)
  2 black bears
  3 boggarts (D:11)
  2 ogres
  11 wolves
  8 centaurs
  2 kobold brigands
  A gnoll sergeant (D:8)
  9 bullfrogs
  8 scorpions
  5 wights
  4 killer bees (D:8)
  2 howler monkeys
  A vampire bat (D:3)
  5 electric eels
  3 hounds
  8 orc priests
  4 iguanas
  18 orc wizards
  4 sleepcaps
  A hell rat (Sewer)
  7 gnolls
  5 adders
  2 river rats (Sewer)
  A white imp (D:5)
  2 worms
  11 dart slugs
  3 fire bats (D:3)
  53 orcs
  2 spectral bats (D:3)
  4 ball pythons
  3 bat skeletons (D:3)
  A bat zombie (D:3)
  4 endoplasms
  3 giant cockroaches
  3 goblins
  9 hobgoblins
  2 jackals (D:1)
  18 kobolds
  3 quokkas
  14 bats
  A bat simulacrum (D:3)
  6 frilled lizards
  11 rats
429 creatures vanquished.

Vanquished Creatures (collateral kills)
  A hydra (Lair:5)
  A two-headed ogre (D:12)
  2 death yaks (Lair:5)
  A manticore (Lair:5)
  2 black mambas
  A cane toad (Lair:5)
  A torpor snail (Lair:5)
  A rime drake (Lair:5)
  4 dream sheep (Lair:1)
  2 slime creatures (D:12)
  A wyvern (D:10)
  A human (D:14)
  7 yaks
  A steam dragon (Lair:2)
  A naga (Lair:2)
  3 water moccasins
  2 orc warriors (D:11)
  2 wolves
  2 bullfrogs
  2 scorpions (D:6)
  4 wights
  A howler monkey (D:10)
  An orc priest (D:11)
  A hound (D:7)
  3 orc wizards (D:6)
  2 adders (D:6)
  A white imp (D:8)
  A dart slug (D:7)
  7 orcs
  2 kobolds (D:9)
  4 foxfires
65 creatures vanquished.

Vanquished Creatures (others)
  258 foxfires
  A snaplasher vine (Lair:5)
259 creatures vanquished.

Grand Total: 753 creatures vanquished

Notes
Turn   | Place    | Note
-------+----------+-------------------------------------------
     0 | D:1      | dziebel133 the Djinni Fire Elementalist began the quest for
                  | the Orb.
     0 | D:1      | dziebel133 set off with the following spells memorised:
                  | Foxfire, Scorch, Volatile Blastmotes, Inner Flame, Flame
                  | Wave.
     0 | D:1      | Reached XP level 1. HP: 15/15 MP: 0/0
   291 | D:1      | Reached XP level 2. HP: 18/21 MP: 0/0
   997 | D:1      | Reached XP level 3. HP: 20/25 MP: 0/0
   997 | D:1      | Learned a level 1 spell: Beastly Appendage
  1663 | D:2      | Found a sparkling altar of Nemelex Xobeh.
  1960 | D:2      | Reached XP level 4. HP: 29/31 MP: 0/0
  2949 | D:3      | Reached XP level 5. HP: 31/35 MP: 0/0
  2949 | D:3      | Learned a level 2 spell: Searing Ray
  3186 | D:3      | Reached XP level 6. HP: 21/40 MP: 0/0
  3324 | D:3      | Reached skill level 1 in Fighting
  3890 | D:4      | Found a sparkling altar of Nemelex Xobeh.
  4026 | D:4      | Reached XP level 7. HP: 47/50 MP: 0/0
  4026 | D:4      | Learned a level 2 spell: Poisonous Vapours
  4212 | D:4      | Found a glowing drain.
  4228 | D:4      | Reached skill level 5 in Spellcasting
  4229 | Sewer    | Entered a sewer
  4745 | D:4      | Found an opulent altar of Gozag.
  4754 | D:4      | Found a shadowy altar of Dithmenos.
  4790 | D:5      | Entered Level 5 of the Dungeon
  4811 | D:4      | Reached XP level 8. HP: 52/58 MP: 0/0
  5720 | D:6      | Reached XP level 9. HP: 43/62 MP: 0/0
  5720 | D:6      | Learned a level 4 spell: Summon Lightning Spire
  5879 | D:6      | Found a staircase to the Ecumenical Temple.
  5907 | Temple   | Entered the Ecumenical Temple
  5935 | Temple   | Became a worshipper of Ashenzari the Shackled
  7143 | D:7      | Reached skill level 5 in Fighting
  8022 | D:8      | Reached XP level 10. HP: 30/75 MP: 0/0
  8754 | D:8      | Found a sacrificial altar of Ru.
  8959 | D:8      | Found a burning altar of Makhleb.
  8959 | D:8      | Found a hide-covered altar of Uskayaw.
  8967 | D:8      | Found a stormy altar of Qazlal.
  8969 | D:8      | Found an ornate altar of the Wu Jian Council.
  9414 | D:8      | Identified the +0 robe "Hetozov" {Will+ Slay+5 Stlth-}
  9788 | D:9      | Reached skill level 10 in Spellcasting
 10060 | D:9      | Reached skill level 3 in Dodging
 10068 | D:9      | Reached skill level 4 in Dodging
 10075 | D:9      | Reached skill level 5 in Dodging
 10311 | D:9      | Reached skill level 6 in Dodging
 10524 | D:9      | Reached XP level 11. HP: 75/80 MP: 0/0
 10524 | D:9      | Learned a level 4 spell: Leda's Liquefaction
 10655 | D:9      | Noticed a two-headed ogre
 10661 | D:9      | Killed a two-headed ogre
 10662 | D:9      | Reached skill level 8 in Dodging
 10786 | D:10     | Entered Level 10 of the Dungeon
 10920 | D:9      | Found a staircase to the Lair.
 11020 | D:9      | Noticed a two-headed ogre
 11027 | D:9      | Killed a two-headed ogre
 11028 | D:9      | Reached skill level 9 in Dodging
 11364 | D:10     | Reached skill level 10 in Dodging
 11687 | D:10     | Reached skill level 11 in Dodging
 12465 | D:11     | Noticed a boulder beetle
 12538 | Lair:1   | Entered Level 1 of the Lair of Beasts
 12785 | Lair:1   | Reached skill level 12 in Dodging
 12785 | Lair:1   | Reached XP level 12. HP: 75/86 MP: 0/0
 13116 | Lair:1   | Reached * piety under Ashenzari
 13116 | Lair:1   | Identified a scroll of acquirement
 13269 | Lair:1   | Acquired a manual of Spellcasting
 13910 | Lair:2   | Found a staircase to the Snake Pit.
 14176 | Lair:2   | Upgraded the game from 0.30.1-9-gdf580d7c3d to
                  | 0.30.1-11-g7821555f0a
 14176 | Lair:2   | Reached ** piety under Ashenzari
 14404 | Lair:2   | Identified the cursed +0 helmet "Soothsayer of Ashenzari"
                  | {Self, Melee} (You found it on level 2 of the Dungeon)
 14749 | Lair:3   | Noticed an eight-headed hydra
 14948 | Lair:2   | Killed an eight-headed hydra
 14954 | Lair:2   | Upgraded the game from 0.30.1-11-g7821555f0a to 0.30.2
 15363 | Lair:3   | Reached skill level 10 in Fighting
 15371 | Lair:3   | Noticed an eight-headed hydra
 15377 | Lair:3   | Killed an eight-headed hydra
 15769 | Lair:3   | Identified the +0 scale mail "Dupsumoe" {rPois Str+3}
 15773 | Lair:3   | Reached skill level 1 in Shields
 15905 | Lair:3   | Found a staircase to the Shoals.
 16013 | Lair:3   | Reached XP level 13. HP: 93/103 MP: 0/0
 16013 | Lair:3   | Learned a level 5 spell: Summon Forest
 16770 | Lair:4   | Reached skill level 1 in Evocations
 17059 | Lair:4   | Noticed an eight-headed hydra
 17067 | Lair:4   | Killed an eight-headed hydra
 17072 | Lair:4   | Reached skill level 5 in Evocations
 17801 | Lair:4   | Reached *** piety under Ashenzari
 18783 | Lair:5   | Entered Level 5 of the Lair of Beasts
 19275 | Lair:5   | Found a staircase to the Slime Pits.
 19322 | Lair:5   | Noticed a five-headed hydra
 19328 | Lair:5   | Killed a five-headed hydra
 19613 | Lair:5   | Found an ornate altar of the Wu Jian Council.
 19651 | Lair:5   | Noticed a catoblepas
 19879 | Lair:5   | Reached XP level 14. HP: 41/110 MP: 0/0
 20133 | Lair:5   | Acquired the ring of Tiemigh {Fly EV+5 Str+4}
 22134 | Lair:5   | Reached skill level 15 in Spellcasting
 23389 | D:11     | Found a staircase to the Orcish Mines.
 23505 | D:11     | Identified the +0 scale mail "Dupsumoe" {rPois Str+3}
 23780 | D:11     | Noticed Maurice
 23787 | D:11     | Killed Maurice
 24108 | D:11     | Reached XP level 15. HP: 115/121 MP: 0/0
 24108 | D:11     | Learned a level 6 spell: Conjure Ball Lightning
 24294 | D:11     | Reached skill level 14 in Dodging
 24294 | D:11     | Reached XP level 16. HP: 128/128 MP: 0/0
 24295 | D:11     | Reached skill level 15 in Dodging
 24295 | D:11     | Reached XP level 17. HP: 133/133 MP: 0/0
 24295 | D:11     | Learned a level 7 spell: Malign Gateway
 24311 | D:11     | Found an opulent altar of Gozag.
 24718 | D:12     | Noticed Snorg
 24738 | D:12     | Killed Snorg
 24739 | D:12     | Reached XP level 18. HP: 139/139 MP: 0/0
 24997 | D:12     | Reached skill level 16 in Dodging
 25045 | D:12     | You are sucked into a shaft and drop 2 floors!
 25105 | D:14     | Noticed Rupert
 25105 | D:14     | Noticed Nessos
 25116 | D:14     | Shot with an arrow by Nessos

Illustrated notes

Levels and vault maps discovered:
D:1:      saegor_arrival_simple_e, layout_loops_corners
D:2:      layout_basic, basic_altar, nicolae_elevator_lobby_plus
D:3:      layout_loops_ring, goddamned_bats
D:4:      layout_gridville, mainiacjoe_overflow_swirl, amcnicky_altar_gilded,
          cheibrodos_sewer_entry_drain, nicolae_concentric_dashed_squares_mild
D:5:      layout_cave_pools
D:6:      layout_gridville, minmay_temple_entry_glassed_door, nrook_uturn,
          hangedman_feature_mirror
D:7:      kennysheep_slugbush, layout_loops_ring
D:8:      layout_loops_ring, mainiacjoe_overflow_small_starburst,
          chequers_temple_overflow_minitemple, minivault_24, dk_noncrumbling_2
D:9:      layout_rooms, due_lair_maze_entry_diamond, hex_tiny,
          eino_tiny_chamber, nicolae_concentric_dashed_squares_wild,
          kennysheep_cross_bottleneck
D:10:     layout_irregular_city
D:11:     layout_rooms, david_orc_5,
          nicolae_gozag_cash_rules_everything_around_me, uniq_maurice
D:12:     layout_basic, st_stairs_10, minmay_more_statues, uniq_snorg
D:14:     layout_gridville, david_vaults_3, serial_park_square3
          [serial_park_minivault_5x5_2], serial_bayou, serial_bayou_pond_d,
          serial_bayou_shore_b, serial_bayou_pond_c, serial_bayou_ford_a,
          uniq_azrael
Temple:   nicolae_temple_god_jail
Lair:1:   layout_concentric_octagons, gauntlet_entry_generic,
          infiniplex_staircase_pool_2
Lair:2:   layout_roguey, minmay_snake_entry_guardpost_large
Lair:3:   layout_cave_pods, minmay_shoals_entry_centaurs
Lair:4:   layout_gridlike, minivault_23, minmay_holes, grunt_megastairs_2,
          serial_bayou_shore_a, infiniplex_staircase_pool
Lair:5:   evilmike_catoblepas_cave, layout_small_grid, slime_entry_1,
          basic_altar, grunt_megastairs_5, lemuel_fruit_tree

Skill      XL: |  1  2  3  4  5  6  7  8  9 10 11 12 13 14 15 16 17 18 |
---------------+-------------------------------------------------------+-----
Spellcasting   | 3 4 6 7 8 10 12 15 | 15.3
Fighting       | 3 4 7 10 13 | 13.2
Dodging        | 6 12 14 15 16 | 16.0
Shields        | 3 |  3.8
Evocations     | 7 |  7.5
Stealth        | |  1.5

Action                     |  1- 3 |  4- 6 |  7- 9 | 10-12 | 13-15 | 16-18 || total
---------------------------+-------+-------+-------+-------+-------+-------++-------
  Melee: Unarmed           |     1 |       |       |       |       |       ||     1
         Staff             |       |    14 |       |     4 |    13 |       ||    31
         Punch             |       |     1 |       |       |     1 |       ||     2
         Headbutt          |       |       |       |     1 |       |       ||     1
   Cast: Foxfire           |    47 |    29 |    28 |    32 |    25 |     3 ||   164
         Scorch            |    16 |    35 |     7 |    30 |    29 |     7 ||   124
         Volatile Blastmot |       |     6 |     1 |     7 |    41 |       ||    55
         Searing Ray       |       |    10 |    22 |    17 |    36 |     4 ||    89
         Poisonous Vapours |       |       |    57 |    47 |    50 |     5 ||   159
         Inner Flame       |       |       |    35 |    84 |   108 |     7 ||   234
         Flame Wave        |       |       |     2 |     6 |     5 |     1 ||    14
         Summon Lightning  |       |       |     7 |    28 |    12 |     4 ||    51
         Leda's Liquefacti |       |       |       |     4 |       |       ||     4
         Beastly Appendage |       |       |       |     2 |     3 |       ||     5
         Summon Forest     |       |       |       |       |     3 |     1 ||     4
 Invoke: Curse Item        |       |       |       |     3 |     1 |       ||     4
    Use: Scroll            |       |     4 |     7 |     4 |     2 |     2 ||    19
         Potion            |       |       |     4 |       |     6 |     1 ||    11
 Armour: Robe              |     8 |    28 |    10 |     8 |    17 |     1 ||    72
  Dodge: Dodged            |     8 |    76 |    21 |    79 |   104 |     5 ||   293
